 Dungeon Crawl Stone Soup version 0.29.0-4-gdea44cf6ec (webtiles) character file.

Game seed: 12208096095586542157

299 qw the Chopper (level 6, 0/35 HPs)
             Began as a Tengu Warper on Aug 29, 2022.
             Slain by a hobgoblin (1 damage)
             ... on level 4 of the Dungeon.
             The game lasted 00:01:06 (3939 turns).

qw the Chopper (Tengu Warper)                       Turns: 3939, Time: 00:01:07

Health: 0/35       AC:  8    Str: 13    XL:     6   Next: 36%
Magic:  10/10      EV:  7    Int: 14    God:
Gold:   67         SH:  0    Dex: 13    Spells: 9/9 levels left

rFire   . . .      SeeInvis .   Y - +1 hand axe
rCold   . . .      Faith    .   (no shield)
rNeg    . . .      Spirit   .   c - +0 chain mail
rPois   .          Reflect  .   (helmet restricted)
rElec   .          Harm     .   (no cloak)
rCorr   .          Rampage  .   (no gloves)
Will    .....                   (boots unavailable)
Stlth   ..........              (no amulet)
HPRegen 0.11/turn               (no ring)
MPRegen 0.12/turn               (no ring)

@: flying quickly and evasively, quick
A: beak, talons 3, nimble flight
a: no special abilities


You were on level 4 of the Dungeon.
You visited 1 branch of the dungeon, and saw 4 of its levels.

You collected 138 gold pieces.
You spent 71 gold pieces at shops.


Innate Abilities, Weirdness & Mutations

You have a beak for a mouth.
You have claws for feet.
Your magical nature lets you fly swiftly and evasively.


   Skills:
 - Level 2.0 Fighting
 - Level 7.1 Axes
 - Level 1.0 Throwing
 + Level 1.3 Armour
 - Level 2.1 Dodging
 - Level 2.0 Spellcasting
 - Level 2.4 Translocations


You had 9 spell levels left.
You didn't know any spells.
Your spell library contained the following spells:

 Spells                   Type           Power      Damage    Failure   Level
 Blink                    Tloc           16%        N/A       99%         2
 Gell's Gravitas          Tloc           8%         N/A       100%        3
 Lesser Beckoning         Tloc           8%         N/A       100%        3
 Teleport Other           Tloc           8%         N/A       100%        3
 Manifold Assault         Tloc           8%         N/A       100%        5

Inventory:

Hand Weapons
 d - a +0 mace
 Y - a +1 hand axe (weapon)
Armour
 c - a +0 chain mail (worn)
Potions
 a - a potion of haste {unknown}
 b - a potion of invisibility {unknown}
 e - 5 potions of curing
 f - 3 potions of heal wounds
 g - a potion of berserk rage {unknown}
 j - 3 potions of might
 k - a potion of brilliance {unknown}
 m - a potion of degeneration {unknown}

Dungeon Overview and Level Annotations

Branches:
Dungeon (4/15)
 Temple: D:4-7

Altars:

Shops:
D:1 **?:(


Message History

You closely miss the hobgoblin. The gnoll barely misses you.
The hobgoblin hits you but does no damage.
You barely miss the gnoll. Your kick misses the gnoll.
The gnoll is heavily wounded.
You closely miss the hobgoblin. You hit the gnoll. Your kick misses the gnoll.
Your peck misses the gnoll.
The gnoll is almost dead.
You closely miss the hobgoblin. The hobgoblin hits you.
The gnoll closely misses you.
You barely miss the gnoll.
The gnoll is almost dead.
You hit the hobgoblin but do no damage.
The hobgoblin hits you but does no damage.
The gnoll hits you with a +0 hand axe.
You barely miss the gnoll.
The gnoll is almost dead.
You hit the hobgoblin but do no damage. The gnoll barely misses you.
The hobgoblin hits you but does no damage.
The gnoll barely misses you.
You slash the gnoll!
You kill the gnoll!
You hit the hobgoblin. The gnoll closely misses you.
The hobgoblin closely misses you. The gnoll closely misses you.
You barely miss the hobgoblin. Your kick misses the hobgoblin.
The hobgoblin is heavily wounded.
The gnoll hits you but does no damage. The hobgoblin barely misses you.
The gnoll closely misses you.
You closely miss the hobgoblin. Your kick misses the hobgoblin.
The hobgoblin is heavily wounded.
The gnoll hits you from afar with a +0 halberd.
The hobgoblin barely misses you.
The gnoll hits you from afar with a +0 halberd!
You closely miss the hobgoblin. Your kick misses the hobgoblin.
The hobgoblin is heavily wounded.
The gnoll hits you from afar with a +0 halberd!
The gnoll barely misses you. The hobgoblin hits you.
You die...

....... .......
....... ..
##....... ...
##........
....#####.<#)...
........ggg.......
#####..g.##......
#..@)# ......
#...## .....
......# ..g..
####...# .>..
#...# .g.. #...#
#####


You could see 3 gnolls and a hobgoblin.

Vanquished Creatures
  A vampire bat (D:3)
  2 orc priests (D:3)
  An iguana (D:3)
  A gnoll (D:4)
  2 adders (D:2)
  A dart slug (D:2)
  3 fire bats (D:3)
  4 orcs (D:3)
  2 spectral bats (D:3)
  3 ball pythons
  11 bats
  3 bat skeletons (D:3)
  A bat zombie (D:3)
  6 endoplasms
  4 giant cockroaches
  5 goblins
  4 hobgoblins
  2 jackals (D:3)
  7 quokkas
  A bat simulacrum (D:3)
  A frilled lizard (D:1)
  6 kobolds
  5 rats
76 creatures vanquished.

Notes
Turn   | Place    | Note
-------+----------+-------------------------------------------
     0 | D:1      | qw the Tengu Warper began the quest for the Orb.
     0 | D:1      | Reached XP level 1. HP: 12/12 MP: 4/4
     0 | D:1      | 0 ||| qw: Version: 0.1-a-89-g26bdef1
     0 | D:1      | 0 ||| qw: Game counter: 3642
     0 | D:1      | 0 ||| qw: Always use a shield: true
     0 | D:1      | 0 ||| qw: God list: Okawaru
     0 | D:1      | 0 ||| qw: Allow faded altars: false
     0 | D:1      | 0 ||| qw: Do Orc after D:15 true
     0 | D:1      | 0 ||| qw: Do second Lair branch before Depths: true
     0 | D:1      | 0 ||| qw: Lair rune preference: random
     0 | D:1      | 0 ||| qw: Plans: Normal
     0 | D:1      | 0 ||| PLANNING D:1-11
    39 | D:1      | Found Jethixuw's Antique Weapon Shop.
    50 | D:1      | 50 ||| SHOPLISTING club (21 gold, have 0).
    50 | D:1      | 50 ||| SHOPLISTING glowing hand axe (126 gold, have 0).
    50 | D:1      | 50 ||| SHOPLISTING masterwork mace (168 gold, have 0).
    50 | D:1      | 50 ||| SHOPLISTING runed eveningstar (378 gold, have 0).
    50 | D:1      | 50 ||| SHOPLISTING runed hand axe (126 gold, have 0).
   125 | D:1      | Found Luycvei's Magic Scroll Shop.
   133 | D:1      | 133 ||| SHOPLISTING scroll of identify (24 gold, have 0).
   133 | D:1      | 133 ||| SHOPLISTING scroll of teleportation (36 gold, have
                  | 0).
   136 | D:1      | Reached XP level 2. HP: 17/17 MP: 6/6
   148 | D:1      | Reached skill level 3 in Axes
   175 | D:1      | Found a faded altar of an unknown god.
   175 | D:1      | Found Peomp's Assorted Antiques.
   189 | D:1      | 189 ||| SHOPLISTING chain mail (99 gold, have 19).
   189 | D:1      | 189 ||| SHOPLISTING scroll labelled COCIEMO SUNGU (22 gold,
                  | have 19).
   189 | D:1      | 189 ||| SHOPLISTING scroll labelled KEZXOCZ COMMA (22 gold,
                  | have 19).
   189 | D:1      | 189 ||| SHOPLISTING scroll labelled LIL RUTOILOOQ (22 gold,
                  | have 19).
   189 | D:1      | 189 ||| BUYING silvery potion (19 gold).
   189 | D:1      | Bought a silvery potion for 19 gold pieces
   407 | D:1      | Found Vankod's Book Shoppe.
   639 | D:1      | Found Qipnyots's Assorted Antiques.
   651 | D:1      | 651 ||| BUYING 2 glowing green potions (52 gold).
   651 | D:1      | Bought 2 glowing green potions for 52 gold pieces
   651 | D:1      | 651 ||| SHOPLISTING club (29 gold, have 2).
   651 | D:1      | 651 ||| SHOPLISTING glowing plate armour (754 gold, have
                  | 2).
   651 | D:1      | 651 ||| SHOPLISTING scroll labelled LIL RUTOILOOQ (29 gold,
                  | have 2).
   651 | D:1      | 651 ||| SHOPLISTING silvery potion (26 gold, have 2).
   808 | D:1      | 808 ||| UPGRADING to +0 ring mail.
   818 | D:1      | 818 ||| DROPPING +0 leather armour.
   819 | D:1      | 819 ||| READING scroll labelled LAJOHY OSOO.
   820 | D:1      | 820 ||| READING scroll labelled LIL RUTOILOOQ.
   821 | D:1      | 821 ||| READING scroll labelled EKLYONT ETRA.
   826 | D:1      | 826 ||| DRINKING 3 silvery potions.
   827 | D:1      | 827 ||| DRINKING 2 glowing green potions.
   828 | D:1      | 828 ||| DROPPING scroll of blinking.
   932 | D:2      | Reached XP level 3. HP: 19/21 MP: 7/7
  1122 | D:2      | Reached skill level 4 in Axes
  1289 | D:2      | 1289 ||| DROPPING +0 club.
  1950 | D:2      | Reached XP level 4. HP: 26/26 MP: 8/8
  2007 | D:3      | 2007 ||| Stepping ~*~*~tactically~*~*~ (stealth).
  2108 | D:3      | Reached skill level 5 in Axes
  2224 | D:3      | 2224 ||| Stepping ~*~*~tactically~*~*~ (stealth).
  2225 | D:3      | 2225 ||| Stepping ~*~*~tactically~*~*~ (stealth).
  2227 | D:3      | 2227 ||| Stepping ~*~*~tactically~*~*~ (hiding).
  2233 | D:3      | 2233 ||| Stepping ~*~*~tactically~*~*~ (hiding).
  2234 | D:3      | HP: 4/26 [orc priest/divine providence (10)]
  2235 | D:3      | 2235 ||| READING scroll of teleportation.
  2862 | D:3      | Gained mutation: Your magical nature lets you fly swiftly
                  | and evasively. [Tengu growth]
  2862 | D:3      | Reached XP level 5. HP: 18/30 MP: 9/9
  2865 | D:3      | HP: 7/30 [skeletal bat (1)]
  2866 | D:3      | 2866 ||| READING scroll of teleportation.
  2867 | D:3      | HP: 2/30 [fire bat (4)]
  3222 | D:3      | 3222 ||| Stepping ~*~*~tactically~*~*~ (stealth).
  3293 | D:3      | 3293 ||| Stepping ~*~*~tactically~*~*~ (stealth).
  3314 | D:3      | 3314 ||| Stepping ~*~*~tactically~*~*~ (hiding).
  3323 | D:3      | Reached skill level 6 in Axes
  3415 | D:3      | 3415 ||| FLEEEEING.
  3416 | D:3      | 3416 ||| FLEEEEING.
  3645 | D:3      | Reached XP level 6. HP: 35/35 MP: 10/10
  3708 | D:3      | Reached skill level 7 in Axes
  3759 | D:3      | 3759 ||| UPGRADING to +0 chain mail.
  3769 | D:3      | 3769 ||| DROPPING +0 ring mail.
  3770 | D:3      | 3770 ||| READING scroll labelled TUFAIMADWU.
  3871 | D:3      | 3871 ||| READING scroll labelled KEZXOCZ COMMA.
  3872 | D:3      | 3872 ||| DRINKING 4 white potions.
  3921 | D:4      | 3921 ||| STAIRDANCE
  3926 | D:4      | 3926 ||| Stepping ~*~*~tactically~*~*~ (hiding).
  3927 | D:4      | 3927 ||| Stepping ~*~*~tactically~*~*~ (hiding).
  3928 | D:4      | 3928 ||| Stepping ~*~*~tactically~*~*~ (hiding).
  3929 | D:4      | 3929 ||| Stepping ~*~*~tactically~*~*~ (hiding).
  3939 | D:4      | HP: 1/35 [gnoll/+0 halberd (12)]
  3939 | D:4      | Slain by a hobgoblin

Levels and vault maps discovered:
D:1:      minmay_arrival_shattered_statue, layout_loops_ring, serial_shops,
          nicolae_shop_hallway_stairs, shop, nicolae_shop_crystal,
          nicolae_shop_competitors_out_of_business, shop_fountains,
          ebering_ecumenical_altar_sacrificial, minmay_misc_feat_ornament,
          minmay_pentomino_x2
D:2:      layout_basic, grunt_ministairs_14, st_stairs_9
D:3:      layout_loops_ring, goddamned_bats
D:4:      cheibrodos_old_hovel, layout_rooms

Skill      XL: |  1  2  3  4  5  6 |
---------------+-------------------+-----
Axes           | 3 4 5 6 7 |  7.1
Fighting       | |  2.0
Throwing       | |  1.0
Armour         | |  1.3
Dodging        | |  2.1
Spellcasting   | |  2.0
Translocations | |  2.4

Action                   |  1- 3 |  4- 6 || total
-------------------------+-------+-------++-------
Melee: Hand axe          |    81 |   122 ||   203
       Kick              |    11 |    35 ||    46
       Peck              |     3 |    10 ||    13
       Punch             |     1 |     1 ||     2
Throw: Boomerang         |     7 |       ||     7
  Use: Scroll            |     3 |     4 ||     7
       Potion            |     2 |     1 ||     3
 Stab: Distracted        |     1 |     1 ||     2
Armor: Leather armour    |     7 |       ||     7
       Ring mail         |    14 |    64 ||    78
       Chain mail        |       |     6 ||     6
Dodge: Dodged            |    32 |   106 ||   138

Table legend:
 A = Non-vault XP
 B = Vault XP
 C = Vault XP percentage of total XP
 D = Non-vault monster count
 E = Vault monster count
 F = Vault count percentage of total count
                 A         B        C        D         E       F
            +---------+---------+-------+---------+---------+-------
      Total |     244 |     184 |  43.0 |      51 |      25 |  32.9
            +---------+---------+-------+---------+---------+-------
        D:1 |      24 |       2 |   7.7 |      15 |       1 |   6.2
        D:2 |      51 |       7 |  12.1 |      15 |       4 |  21.1
        D:3 |     155 |     175 |  53.0 |      20 |      20 |  50.0
        D:4 |      14 |       0 |   0.0 |       1 |       0 |   0.0
            +---------+---------+-------+---------+---------+-------
